[Event "Baltic Zonal II Stage 2018"]
[Site "Palanga"]
[Date "2018.06.15"]
[Round "3"]
[White "Haavamae, Henrik"]
[Black "Garanin, Aleksei"]
[Result "0-1"]
[ECO "B23"]
[WhiteElo "2209"]
[BlackElo "2171"]
[Annotator "NA"]
[PlyCount "90"]
[EventDate "2018.??.??"]
[EventType "swiss"]
[EventCountry "LTU"]
[SourceTitle "playchess.com"]
[Source "ChessBase"]
[SourceQuality "1"]
[TimeControl "5400+30"]

1. e4 c5 2. Nc3 d6 3. d4 cxd4 4. Qxd4 Nc6 5. Qd2 Nf6 6. b3 g6 7. Bb2 Bg7 8. O-O-O O-O 9. f3 a5 10. Bb5 Qb6 11. Kb1 Rd8 12. g4 Be6 13. g5 Ne8 14. a4 Nc7 15. Nge2 d5 16. exd5 Bxd5 17. Nxd5 Rxd5 18. Bd3 Bxb2 19. Kxb2 Ne6 20. Nc3 Qd4 21. Kb1 Rxg5 22. h4 Rh5 23. Ne2 Qf6 24. Ng3 Rxh4 25. Qf2 Rxh1 26. Rxh1 Rd8 27. Qh2 Nf8 28. Ne4 Qg7 29. Qc7 Rd7 30. Qc8 Qe5 31. Bc4 Qb8 32. Qxb8 Nxb8 33. c3 b6 34. b4 axb4 35. cxb4 Rd4 36. Rh4 Kg7 37. Bxf7 Rxb4+ 38. Kc2 Rxe4 39. Rxe4 Kxf7 40. Kc3 Ne6 41. Kc4 Nd7 42. Kb5 Nec5 43. Rd4 Ke6 44. Kc6 h5 45. Rd1 h4 0-1

[Event "Baltic Zonal II Stage 2018"]
[Site "Palanga"]
[Date "2018.06.16"]
[Round "4"]
[White "Bernotas, Arturs"]
[Black "Haavamae, Henrik"]
[Result "1-0"]
[ECO "B52"]
[WhiteElo "2407"]
[BlackElo "2209"]
[Annotator "NA"]
[PlyCount "73"]
[EventDate "2018.??.??"]
[EventType "swiss"]
[EventCountry "LTU"]
[SourceTitle "playchess.com"]
[Source "ChessBase"]
[SourceQuality "1"]
[TimeControl "5400+30"]

1. e4 c5 2. Nf3 d6 3. Bb5+ Bd7 4. c4 Nf6 5. Nc3 g6 6. O-O Bg7 7. d4 cxd4 8. Nxd4 Nc6 9. Bxc6 bxc6 10. c5 O-O 11. h3 Qc7 12. cxd6 exd6 13. Bf4 Rfd8 14. Re1 c5 15. Nc2 Bc6 16. Qf3 Nd7 17. Ne3 Ne5 18. Qe2 Qb7 19. Ned5 Bxd5 20. Nxd5 Rab8 21. Rab1 Qb5 22. Bg5 Rd7 23. Nf6+ Bxf6 24. Bxf6 Qxe2 25. Rxe2 Nd3 26. Rd1 c4 27. Rc2 Rdb7 28. Rdd2 Rb4 29. f3 Kf8 30. b3 cxb3 31. axb3 Rxb3 32. Rc7 a5 33. Rdc2 Re8 34. R2c6 Ne5 35. Rxd6 Rb1+ 36. Kh2 Kg8 37. Re7 1-0

[Event "Baltic Zonal II Stage 2018"]
[Site "Palanga"]
[Date "2018.06.16"]
[Round "4"]
[White "Chukavin, Kirill"]
[Black "Vedrickas, Tautvydas"]
[Result "1-0"]
[ECO "C10"]
[WhiteElo "2256"]
[BlackElo "2408"]
[Annotator "NA"]
[PlyCount "111"]
[EventDate "2018.??.??"]
[EventType "swiss"]
[EventCountry "LTU"]
[SourceTitle "playchess.com"]
[Source "ChessBase"]
[SourceQuality "1"]
[TimeControl "5400+30"]

1. e4 e6 2. d4 d5 3. Nc3 dxe4 4. Nxe4 Nf6 5. Nxf6+ gxf6 6. Nf3 b6 7. Bb5+ c6 8. Bd3 Bb7 9. Qe2 Qc7 10. Bd2 Bd6 11. c4 Nd7 12. Bc3 O-O-O 13. O-O-O Kb8 14. Rhe1 Rhg8 15. g3 f5 16. Ne5 Nf6 17. f4 Ka8 18. Nf3 Rde8 19. Kb1 h6 20. Ka1 Qc8 21. Qc2 Ng4 22. Bf1 Nf6 23. Nd2 h5 24. d5 Ng4 25. dxc6 Qxc6 26. Nb3 Rd8 27. Nd4 Qh1 28. Re2 Bc5 29. Bh3 Bxd4 30. Rxh1 Bxh1 31. Re1 Ne3 32. Qe2 Be4 33. Rc1 Bxc3 34. bxc3 Rd3 35. Bf1 Rgd8 36. Qf2 Ng4 37. Qg1 Rd1 38. Rxd1 Rxd1+ 39. Kb2 Rd2+ 40. Ka3 Nxh2 41. c5 Kb7 42. cxb6 axb6 43. Bc4 Ng4 44. Qe1 Rd8 45. Qe2 Nf6 46. Qb2 Ra8+ 47. Kb4 Nd7 48. Qd2 Nc5 49. Bb5 Kc7 50. a4 Bd3 51. c4 Rd8 52. a5 Ne4 53. axb6+ Kxb6 54. c5+ Nxc5 55. Qe3 Rd5 56. Bxd3 1-0

[Event "Baltic Zonal II Stage 2018"]
[Site "Palanga"]
[Date "2018.06.16"]
[Round "4"]
[White "Garanin, Aleksei"]
[Black "Samolins, Vitalijs"]
[Result "0-1"]
[ECO "A64"]
[WhiteElo "2171"]
[BlackElo "2406"]
[Annotator "NA"]
[PlyCount "52"]
[EventDate "2018.??.??"]
[EventType "swiss"]
[EventCountry "LTU"]
[SourceTitle "playchess.com"]
[Source "ChessBase"]
[SourceQuality "1"]
[TimeControl "5400+30"]

1. d4 Nf6 2. c4 e6 3. g3 c5 4. d5 exd5 5. cxd5 g6 6. Nc3 Bg7 7. Bg2 O-O 8. Nf3 d6 9. O-O Re8 10. Nd2 a6 11. a4 Nbd7 12. h3 Rb8 13. Nc4 Ne5 14. Na3 Nh5 15. f4 Nxg3 16. fxe5 Bxe5 17. Nc4 Bxc3 18. bxc3 Bxh3 19. Ne3 Bxg2 20. Kxg2 Nxf1 21. Nxf1 Qf6 22. Qd3 Re5 23. Bd2 h5 24. Nh2 Rbe8 25. Re1 Re4 26. Nf3 c4 0-1

[Event "Baltic Zonal II Stage 2018"]
[Site "Palanga"]
[Date "2018.06.17"]
[Round "5"]
[White "Pedoson, Georg Aleksander"]
[Black "Haavamae, Henrik"]
[Result "1-0"]
[ECO "A16"]
[WhiteElo "2125"]
[BlackElo "2209"]
[Annotator "NA"]
[PlyCount "41"]
[EventDate "2018.??.??"]
[EventType "swiss"]
[EventCountry "LTU"]
[SourceTitle "playchess.com"]
[Source "ChessBase"]
[SourceQuality "1"]
[TimeControl "5400+30"]

1. c4 Nf6 2. Nc3 c6 3. Nf3 d5 4. d4 Bf5 5. Qb3 b6 ({Besser ist} 5... Qb6 $14) 6. cxd5 cxd5 7. Bg5 e6 $2 {[%emt 0:01:49] [#] D13: Slav Defence: Exchange variation without ...Bf5} (7... Nbd7 $16) 8. e4 $1 dxe4 9. Bb5+ Ke7 $2 (9... Nbd7) 10. Ne5 a6 11. Bc6 Ra7 12. d5 h6 13. Qb4+ Qd6 14. Qxb6 hxg5 $146 ({Predecessor:} 14... Qc7 15. d6+ Kxd6 16. Qb4+ Kxe5 17. f4+ exf3 18. Qf4# {1-0 (18) Dzagnidze,N (2479)-Al Housa,K (2019) Dubai 2010}) 15. Qxa7+ Nbd7 (15... Nfd7 $142 16. Nxd7 Nxd7) 16. Nc4 Qb8 17. d6+ Kd8 18. Qxa6 Bxd6 19. Rd1 Bc7 20. Qa4 e5 $18 21. Nxe4 1-0

[Event "Baltic Zonal II Stage 2018"]
[Site "Palanga"]
[Date "2018.06.17"]
[Round "6"]
[White "Haavamae, Henrik"]
[Black "Vedrickas, Tautvydas"]
[Result "1-0"]
[ECO "B06"]
[WhiteElo "2209"]
[BlackElo "2408"]
[Annotator "NA"]
[PlyCount "61"]
[EventDate "2018.??.??"]
[EventType "swiss"]
[EventCountry "LTU"]
[SourceTitle "playchess.com"]
[Source "ChessBase"]
[SourceQuality "1"]
[TimeControl "5400+30"]

1. e4 g6 2. d4 Bg7 3. Nc3 d6 4. f4 a6 5. Nf3 b5 6. Bd3 Nd7 7. e5 Bb7 {[%emt 0:02:27] B06: Modern Defence} (7... c5 8. Be4 Rb8 9. Be3 b4 10. Ne2 Nh6 11. dxc5 Nxc5 12. Bxc5 dxc5 13. Bc6+ Bd7 14. Qd5 Rc8 15. Bxd7+ Qxd7 16. Qxd7+ Kxd7 {1-0 (41) Yu,Y (2760)-Adhiban,B (2655) chess.com INT 2018}) 8. Be4 Qc8 9. Qe2 Nh6 10. a4 b4 11. Nd5 e6 12. Nxb4 $146 ({Predecessor:} 12. exd6 exd5 13. Bxd5+ Kf8 14. Bxb7 Qxb7 15. Qe7+ {1-0 (69) Bregadze,L (2484)-Shoker,S (2466) New York 2015}) 12... c5 13. dxc5 Nxc5 14. Bxb7 Qxb7 15. Nd3 Nxd3+ 16. cxd3 dxe5 17. fxe5 Qb4+ 18. Qd2 Rb8 19. Qxb4 Rxb4 $14 20. Ra2 Rb3 21. Ke2 Nf5 22. Bd2 O-O 23. Rc1 Rd8 24. Rc3 Rb6 25. Rc4 Rb3 26. Bc3 Ne7 27. Nd4 Rbb8 28. Nc6 Nxc6 29. Rxc6 Rd5 30. d4 a5 31. Ra6 1-0

[Event "Baltic Zonal II Stage 2018"]
[Site "Palanga"]
[Date "2018.06.17"]
[Round "6"]
[White "Garanin, Aleksei"]
[Black "Pedoson, Georg Aleksander"]
[Result "0-1"]
[ECO "A52"]
[WhiteElo "2171"]
[BlackElo "2125"]
[Annotator "NA"]
[PlyCount "70"]
[EventDate "2018.??.??"]
[EventType "swiss"]
[EventCountry "LTU"]
[SourceTitle "playchess.com"]
[Source "ChessBase"]
[SourceQuality "1"]
[TimeControl "5400+30"]

1. d4 Nf6 2. c4 e5 3. dxe5 Ng4 4. Bf4 Nc6 5. Nf3 Bb4+ 6. Nbd2 Qe7 7. a3 Ngxe5 8. Nxe5 Nxe5 9. e3 Bxd2+ 10. Qxd2 d6 11. Be2 O-O 12. O-O a5 13. Rac1 b6 14. Qc3 Ng6 15. Bg3 a4 16. Bf3 Ra5 $11 17. Rfd1 Be6 18. Bd5 h5 19. f4 h4 20. Be1 Bxd5 21. cxd5 h3 22. Qd4 Rc5 23. Bc3 f5 24. gxh3 Rc4 25. Qd3 Nh4 26. Kf2 b5 27. Rg1 Rf7 28. Rg5 Qe4 29. Qe2 Re7 30. Rcg1 g6 31. Rh5 Rh7 32. Rxh7 Kxh7 33. Rg5 b4 34. axb4 a3 35. Kg3 Rxc3 0-1

[Event "Baltic Zonal II Stage 2018"]
[Site "Palanga"]
[Date "2018.06.19"]
[Round "8"]
[White "Vedrickas, Tautvydas"]
[Black "Klabis, Rokas"]
[Result "1-0"]
[ECO "E11"]
[WhiteElo "2408"]
[BlackElo "2383"]
[Annotator "NA"]
[PlyCount "95"]
[EventDate "2018.??.??"]
[EventType "swiss"]
[EventCountry "LTU"]
[SourceTitle "playchess.com"]
[Source "ChessBase"]
[SourceQuality "1"]
[TimeControl "5400+30"]

1. d4 Nf6 2. c4 e6 3. Nf3 Bb4+ 4. Nbd2 d5 5. Qa4+ Nc6 6. a3 Be7 7. e3 O-O {[%emt 0:05:35] E11: Bogo-Indian} 8. b4 Bd7 9. Qc2 a5 10. b5 Na7 11. Rb1 dxc4 $1 12. Bxc4 c6 13. b6 Nb5 14. Qd3 $146 ({Predecessor:} 14. a4 Na3 15. Bxa3 Bxa3 {0-1 (26) Dinstuhl,V (2409)-Nikolic,P (2638) Germany 2013}) 14... Nd5 15. Ne5 Be8 16. O-O Nxb6 17. Bb3 Nd7 18. Nxd7 Bxd7 19. Bc2 g6 $11 20. e4 e5 21. dxe5 Be6 22. a4 Nd4 23. Rxb7 Bb4 24. Nf3 Bc8 25. Rxf7 Rxf7 26. Qxd4 Qxd4 27. Nxd4 Ba6 28. e6 Re7 29. Bb3 Bxf1 30. Kxf1 c5 31. Ne2 Rd8 32. f4 Bd2 33. Bxd2 Rxd2 34. f5 gxf5 35. exf5 Rxe2 36. Kxe2 Kg7 37. Bd5 Kf6 38. g4 Ke5 39. Bc6 h5 40. h3 hxg4 41. hxg4 c4 42. Kd2 c3+ 43. Kc2 Kf6 44. Bb5 Rc7 45. Bd7 Rc4 46. g5+ Ke7 47. f6+ Kd6 48. Bb5 1-0

[Event "Baltic Zonal II Stage 2018"]
[Site "Palanga"]
[Date "2018.06.19"]
[Round "8"]
[White "Samolins, Vitalijs"]
[Black "Chukavin, Kirill"]
[Result "1/2-1/2"]
[ECO "B81"]
[WhiteElo "2406"]
[BlackElo "2256"]
[Annotator "NA"]
[PlyCount "51"]
[EventDate "2018.??.??"]
[EventType "swiss"]
[EventCountry "LTU"]
[SourceTitle "playchess.com"]
[Source "ChessBase"]
[SourceQuality "1"]
[TimeControl "5400+30"]

1. e4 c5 2. Nf3 e6 3. d4 cxd4 4. Nxd4 Nf6 5. Nc3 d6 6. g4 e5 7. Bb5+ Bd7 8. Bxd7+ Qxd7 9. Nf5 h5 10. gxh5 Nxh5 11. Ng3 g6 12. Nd5 Be7 13. h4 Na6 $14 14. Bg5 Nxg3 15. Bxe7 Nh5 16. c3 Nc7 17. Nf6+ Nxf6 18. Bxf6 Rh5 19. Qf3 Ne6 20. O-O-O Rc8 21. Kb1 Rc6 22. Rd2 Nf8 23. Bg5 Ne6 24. Bf6 Nf8 25. Bg5 Ne6 26. Bf6 1/2-1/2

[Event "Baltic Zonal II Stage 2018"]
[Site "Palanga"]
[Date "2018.06.20"]
[Round "9"]
[White "Chukavin, Kirill"]
[Black "Bernotas, Arturs"]
[Result "1/2-1/2"]
[ECO "B90"]
[WhiteElo "2256"]
[BlackElo "2407"]
[Annotator "RC"]
[PlyCount "132"]
[EventDate "2018.??.??"]
[EventType "swiss"]
[EventCountry "LTU"]
[SourceTitle "playchess.com"]
[Source "ChessBase"]
[SourceQuality "1"]
[TimeControl "5400+30"]

1. e4 c5 2. Nf3 d6 3. d4 cxd4 4. Nxd4 Nf6 5. Nc3 a6 6. h3 b5 7. g4 Bb7 8. Bg2 e6 9. O-O Nfd7 10. a4 b4 11. Na2 Nc5 12. Re1 e5 13. Nf5 Nc6 14. c3 bxc3 15. Nxc3 g6 16. Ng3 Be7 17. Nd5 O-O 18. Bh6 Re8 19. b4 Ne6 20. Nxe7+ Qxe7 21. Qd2 Ncd4 22. Ra3 Rec8 23. Rc1 Qd7 24. a5 Rxc1+ 25. Qxc1 Rc8 26. Rc3 Rxc3 27. Qxc3 Qc6 28. Qd3 Qb5 29. Qc3 Qc6 30. Qd3 Qa4 31. Qd2 Qc2 32. h4 Bc6 33. Qxc2 Nxc2 34. Bf1 Nc7 35. Bd2 Bb5 36. Ne2 Kf8 37. f3 Ke7 38. Kf2 Kd7 39. g5 Kc6 40. f4 Ne6 41. f5 Ned4 42. Nxd4+ Nxd4 43. Bh3 Bc4 44. Bc3 Nb5 45. Bb2 Nc7 46. Bc3 Nb5 47. Bb2 d5 48. Bxe5 dxe4 49. fxg6 hxg6 50. Ke3 Kd5 51. Bb2 Nd6 52. Bd7 Bb5 53. Bxb5 Nxb5 54. Kf4 Nd4 55. Bxd4 Kxd4 56. b5 e3 57. Kf3 Kd3 58. b6 e2 59. b7 e1=Q 60. b8=Q Qh1+ 61. Kg3 Qg1+ 62. Kh3 Qe3+ 63. Kg4 Qe6+ 64. Kg3 Qe3+ 65. Kg4 Qd4+ 66. Kg3 Qe3+ 1/2-1/2